 Dungeon Crawl Stone Soup version 0.29-a0-1006-g0dd7720b37 (webtiles) character file.

Game seed: 15742603784924215296

65 Ajdolov the Sneak (level 3, -1/14 HPs)
             Began as a Felid Venom Mage on Aug 6, 2022.
             Succumbed to an adder's poison
             ... on level 2 of the Dungeon.
             The game lasted 00:03:43 (2017 turns).

Ajdolov the Sneak (Felid Venom Mage)                Turns: 2017, Time: 00:03:44

Health: -1/14      AC:  1    Str:  4    XL:     3   Next: 94%
Magic:  0/7        EV: 17    Int: 18    God:
Gold:   45         SH:  0    Dex: 16    Spells: 3/6 levels left
                                        Lives:  0   Deaths: 0

rFire   . . .      SeeInvis +   (weapon unavailable)
rCold   . . .      Faith    .   (shield unavailable)
rNeg    . . .      Spirit   .   (body armour unavailable)
rPois   .          Reflect  .   (helmet unavailable)
rElec   .          Harm     .   (cloak unavailable)
rCorr   .          Rampage  .   (gloves unavailable)
Will    .....                   (boots unavailable)
Stlth   +++.......              (no amulet)
HPRegen 0.04/turn               (no ring)
MPRegen 0.10/turn               (no ring)

@: lethally poisoned (-1 -> -14), quick
A: very small, claws 1, fangs 3, see invisible, speed 1, shaggy fur 1, stealthy
paws, no weapons or thrown items, no armour, multi-lived
a: no special abilities


You were on level 2 of the Dungeon.
You visited 1 branch of the dungeon, and saw 2 of its levels.

You collected 45 gold pieces.

Inventory:

Scrolls
 b - a scroll of magic mapping {unknown}
 c - a scroll of teleportation {unknown}
 d - a scroll of immolation {unknown}
 e - a scroll of poison {unknown}
Potions
 a - a potion of magic


   Skills:
 - Level 2.6 Dodging
 * Level 4.0 Stealth
 - Level 2.0 Spellcasting
 - Level 2.0 Transmutations
 * Level 1.2 Air Magic
 + Level 3.3 Poison Magic


You had 3 spell levels left.
You knew the following spells:

 Your Spells              Type           Power      Damage    Failure   Level
a - Sting                 Tmut/Pois      44%        1d5       6%          1
b - Poisonous Vapours     Pois/Air       20%        N/A       11%         2

Your spell library contained the following spells:

 Spells                   Type           Power      Damage    Failure   Level
 Mephitic Cloud           Conj/Pois/Air  7%         N/A       28%         3
 Confusing Touch          Hex            1%         N/A       47%         3
 Tukima's Dance           Hex            1%         N/A       47%         3
 Olgreb's Toxic Radiance  Pois           13%        N/A       43%         4
 Blade Hands              Tmut           4%         N/A       91%         5
 Yara's Violent Unravell  Hex/Tmut       2%         3d3       97%         5
 Enfeeble                 Hex            0%         N/A       100%        7
 Portal Projectile        Hex/Tloc       Unusable   N/A       N/A         3

Dungeon Overview and Level Annotations

Branches:
Dungeon (2/15)

Altars:


Innate Abilities, Weirdness & Mutations

You have sharp claws.
You have razor-sharp teeth.
You have supernaturally acute eyesight. (SInv)
You cover ground quickly. (Speed+)
You are covered in fur. (AC +1)
Your paws help you pounce on unaware monsters.
You are incapable of wielding weapons or throwing items.
You cannot wear armour.
You gain extra lives every three experience levels.


Message History

The adder is moderately wounded.
The adder barely misses you. x2
You see here 3 stones.
You scratch the adder but do no damage. Your bite misses the adder.
The adder is moderately wounded.
The adder bites you.
You are poisoned.
The adder poisons you!
You scratch the adder but do no damage. You bite the adder, but do no damage.
The adder is severely wounded.
You feel sick. The adder bites you.
You are lethally poisoned!
The adder poisons you!
You scratch the adder.
The adder is almost dead.
You feel sick. The adder bites you. The adder closely misses you.
Okay, then.
Casting: Sting (safe; 6% risk of failure)
Confirm with . or Enter, or press ? or * to list all spells.
Aiming: Poisonous Vapours (safe; 11% risk of failure)
Press: ? - help, Dir - move target, f/p - adder
Aim: an adder (almost dead, very poisoned)
Okay, then.
You are too injured to fight recklessly!
Aiming: Sting (safe; 6% risk of failure)
Press: ? - help, Q - select action, (/) - cycle Shift-Dir - straight line, f/p - adder
Aim: an adder (almost dead, very poisoned, 53% to hit)
The sting misses the adder.
The sting hits the adder.
The adder is poisoned.
The adder is moderately wounded.
* * * LOW HITPOINT WARNING * * *
You feel sick. The adder bites you.
* * * LOW HITPOINT WARNING * * *
You are more poisoned.
The adder poisons you!
Aiming: Sting (safe; 6% risk of failure)
Press: ? - help, Q - select action, (/) - cycle Shift-Dir - straight line, f/p - adder
Aim: an adder (almost dead, very poisoned, 53% to hit)
The sting hits the adder.
The adder looks even sicker.
The adder is almost dead.
You die...

#.# #.# #.# ####### #.#
#.....# #.# #.....#
.###.#######.....#
.................#
.###†####..##.########.#
..h5..........SS@......#
..##.#.##..##.########.#
. #.#...÷..............
.##.####..#...S........
..........#............
..#.####..##..#######..
............>.# #
#.#.####......#
#.........###


You could see 2 adders.

Vanquished Creatures
  Natasha (D:2)
  An adder (D:2)
  2 dart slugs (D:1)
  4 bats (D:1)
  3 endoplasms (D:1)
  A giant cockroach (D:1)
  3 goblins (D:1)
  2 kobolds (D:1)
  A quokka (D:1)
  5 ball pythons (D:1)
  2 frilled lizards (D:1)
  2 rats (D:1)
27 creatures vanquished.

Notes
Turn   | Place    | Note
-------+----------+-------------------------------------------
     0 | D:1      | Ajdolov the Felid Venom Mage began the quest for the Orb.
     0 | D:1      | Reached XP level 1. HP: 7/7 MP: 4/4
   369 | D:1      | Reached XP level 2. HP: 4/11 MP: 0/6
   874 | D:1      | Reached skill level 3 in Stealth
  1108 | D:1      | Learned a level 2 spell: Poisonous Vapours
  1302 | D:1      | Reached XP level 3. HP: 14/14 MP: 4/7
  1746 | D:2      | Noticed Natasha
  1761 | D:2      | Killed Natasha
  1762 | D:2      | Reached skill level 4 in Stealth
  1762 | D:2      | Reached skill level 1 in Air Magic
  2017 | D:2      | Succumbed to an adder's poison

Illustrated notes

Levels and vault maps discovered:
D:1:      lemuel_arrival_lava_pool, layout_loops_ring
D:2:      layout_basic, uniq_natasha

Skill      XL: |  1  2  3 |
---------------+----------+-----
Poison Magic   | 3 |  3.3
Transmutations | 2 |  2.0
Stealth        | 3 4 |  4.0
Air Magic      | 1 |  1.2
Dodging        | |  2.6
Spellcasting   | |  2.0

Action                   || total
-------------------------++-------
Melee: Unarmed           ||    14
       Bite              ||     1
 Cast: Sting             ||    59
       Poisonous Vapours ||     4
Armor: Skin              ||     4
Dodge: Dodged            ||    46

Table legend: (Time is in decaauts)
 A = Elapsed time spent in this place.
 B = Non-inter-level travel time spent in this place.
 C = Inter-level travel time spent in this place.
 D = Time resting spent in this place.
 E = Time spent auto-exploring this place.
 F = Levels seen in this place.
 G = Mean time per level.
                   A        B        C        D        E       F      G
               +--------+--------+--------+--------+--------+-----+--------+
         Total |   1874 |   1849 |     25 |    760 |    839 |   2 |  937.0 |
       Dungeon |   1874 |   1849 |     25 |    760 |    839 |   2 |  937.0 |
               +--------+--------+--------+--------+--------+-----+--------+

Top non-repeatable levels by time:
     D:1: 1556 daAuts
     D:2: 318 daAuts
